[Event "44th Chess Olympiad Women 2022"]
[Site "Chennai"]
[Date "2022.08.05"]
[Round "7.40"]
[White "Nansubuga, Gloria"]
[Black "Gjergji, Rozana"]
[Result "0-1"]
[ECO "B01"]
[WhiteElo "1538"]
[BlackElo "1920"]
[Annotator "TA"]
[PlyCount "76"]
[EventDate "2022.07.29"]
[EventType "team-tourn"]
[EventCountry "IND"]
[SourceTitle "playchess.com"]
[Source "ChessBase"]
[SourceQuality "1"]
[WhiteTeam "Uganda"]
[BlackTeam "Albania"]
[WhiteTeamCountry "UGA"]
[BlackTeamCountry "ALB"]
[TimeControl "40/5400+30:1800+30"]

1. e4 d5 2. exd5 Qxd5 3. Nc3 Qa5 4. d4 c6 5. Bc4 Nf6 6. Nf3 Bf5 7. Bd2 e6 {[%emt 0:00:35] 7...Nbd7 is more fashionable.} 8. Qe2 Nbd7 {[%emt 0:04:37] B01: Scandinavian Defence.} (8... Bb4 $11) 9. d5 $1 $16 cxd5 10. Nxd5 {[%emt 0:00:31][%mdl 64] Pin} Qd8 (10... Qc5 $16 {is a better defense.} 11. Nxf6+ gxf6) 11. Nxf6+ $18 gxf6 12. O-O-O {[%emt 0:01:07] Nd4 is the strong threat.} Qc7 13. Nd4 Bg6 {[%emt 0:03:25] [#]} 14. Nxe6 $146 ({Predecessor:} 14. f4 O-O-O 15. Nb5 Qb6 16. a4 Kb8 {½-½ (16) Lodes,H (2060)-Luther,H (1878) Nuremberg 2011}) 14... fxe6 $14 15. Qxe6+ Be7 $1 16. Bb4 $1 Ne5 $2 {[%emt 0:01:25][%mdl 8192] [#]} (16... Nc5 $14 17. Qe3 (17. Bxc5 Qxc5 18. Rhe1 Rd8 $11) 17... a5) 17. Bb5+ $2 (17. Rhe1 $1 $18) 17... Kf8 $1 $11 18. Qxf6+ Kg8 {[%emt 0:01:51][%csl Gg6][%cal Rc7c2] Dancing on a razor blade.} 19. Qe6+ Nf7 $1 20. Bc3 {[%emt 0:01:04] [#]} Bb4 $1 21. Rd7 (21. Qf6 Bxc3) 21... Qf4+ 22. Kb1 (22. Bd2 $1 $15 Bxd2+ 23. Rxd2) 22... Bxc3 $17 23. bxc3 {[%emt 0:01:46] [#]} Kg7 $1 $40 {[%emt 0:10:04][%mdl 128] Black attacks with force.} (23... Qxf2 24. Bd3 Qb6+ 25. Qxb6 axb6 26. Rxb7 $11) 24. Rhd1 (24. Rxb7 $2 Rab8 25. g3 Qf3 $19) 24... Rhe8 (24... Qxf2 $6 25. Rxf7+ Bxf7 26. Qg4+ Bg6 27. Rd7+ Kh6 28. Qh3+ Kg5 29. Rd5+ Bf5 30. Bd3 Qg1+ 31. Kb2 Qb6+ 32. Bb5 $11) 25. Qb3 (25. Qc4 $17 Qxf2 26. Rf1 Re1+ 27. Rxe1 Qxe1+ 28. Kb2) 25... a6 ({Stronger than} 25... Qxf2 26. R7d2 Qc5 27. Rd5 $11 (27. Bxe8 Rxe8 28. Rd7 Re2 $11)) (25... Rad8 $19 {Threatens to win with ...Rxd7.} 26. Rxd8 Rxd8 27. Rxd8 Nxd8) 26. R7d4 Re4 ({Worse is} 26... Qxf2 27. Bxe8 Rxe8 28. R4d2 $15) 27. f3 (27. Rxe4 $142 Qxe4 28. Bf1) 27... Rxd4 $19 28. Rxd4 Qxh2 29. Bc4 (29. Bd3 $142) 29... Rf8 30. Bd3 Qxg2 31. Bxg6 hxg6 ({Weaker is} 31... Qxg6 32. Rg4 Ng5 33. f4 $16) 32. Qxb7 Qg3 {[%emt 0:00:50] aiming for ...Rb8.} 33. Qxa6 Qxf3 34. Qa7 Qxc3 {[%emt 0:00:16] Hoping for ...Rc8.} 35. Rd7 Kg8 {[%emt 0:02:48][%cal Of7d6] ( -> ...Nd6!)} 36. Qc7 {[%emt 0:03:11] Against Nd6} (36. Qb6 Nd6 37. Qb3+ Nc4 38. Rd1) 36... Qb4+ 37. Kc1 Re8 $2 38. c3 $2 (38. Qg3 $19 g5 39. a3 Re1+ 40. Rd1 Rxd1+ 41. Kxd1 Qd4+ 42. Ke2) 38... Qa3+ {[%emt 0:00:11] Weighted Error Value: White=0.96/Black=0.43} 0-1

[Event "44th Chess Olympiad Women 2022"]
[Site "Chennai"]
[Date "2022.08.05"]
[Round "7.41"]
[White "Kannappan, Sigappi"]
[Black "Cooke, Suzie G."]
[Result "0-1"]
[ECO "C14"]
[WhiteElo "1914"]
[BlackElo "1936"]
[Annotator "TA"]
[PlyCount "96"]
[EventDate "2022.07.29"]
[EventType "team-tourn"]
[EventCountry "IND"]
[SourceTitle "playchess.com"]
[Source "ChessBase"]
[SourceQuality "1"]
[WhiteTeam "Hong Kong"]
[BlackTeam "Scotland"]
[WhiteTeamCountry "HKG"]
[BlackTeamCountry "SCO"]
[TimeControl "40/5400+30:1800+30"]

1. e4 e6 2. d4 d5 3. Nc3 Nf6 4. Bg5 Be7 5. e5 Nfd7 6. h4 a6 7. Qg4 Kf8 8. Bxe7+ {[%emt 0:17:28] C14: French: Classical System: 4 Bg5 Be7 main line.} Qxe7 9. O-O-O c5 10. f4 {[%emt 0:02:19] White is slightly better.} cxd4 11. Nce2 Nc6 12. Nxd4 {[%emt 0:05:06] [#]} Qb4 $146 (12... h5 $5 13. Qg3 Nxd4 14. Rxd4 Nc5 $11) ({Predecessor:} 12... Nxd4 13. Rxd4 b5 14. Bd3 Bb7 15. h5 Rc8 16. Qe2 Nc5 17. g4 b4 18. Kb1 a5 {1-0 (57) Mazi,L (2365)-Povse,M (2155) Bled 1994}) 13. Nge2 Nc5 {[%emt 0:04:49] [#]} 14. Rh3 (14. h5 $1 $16) 14... Ne4 {[%emt 0:09:49] [#]} (14... h5 $14 15. Qf3 Nxd4 16. Nxd4 g6) 15. Nxc6 ({White should try} 15. h5 $1 $16) 15... bxc6 $14 16. Rd4 $2 {[%emt 0:01:50][%mdl 8192] This move loses the game for White.} (16. h5 $14) 16... Qe1+ $19 17. Rd1 {[%emt 0:00:06] [#]} Qxd1+ 18. Kxd1 Nf2+ 19. Kd2 Nxg4 20. Rc3 Nh2 21. Ng3 Nxf1+ 22. Nxf1 Bd7 23. Rb3 Ke7 24. Rg3 g6 25. Ne3 h5 26. c4 Rhb8 27. b3 a5 28. cxd5 cxd5 29. Nc2 Kf8 30. Rg5 Ra7 31. g4 hxg4 32. Rxg4 Ke7 33. Rg3 Rh8 34. Rh3 f6 35. Nd4 Rb7 36. Nf3 Rb4 37. exf6+ Kxf6 38. Ne5 Be8 39. Nd3 Re4 40. a3 Bb5 {[%emt 0:00:34] Hoping for ...Rd4.} 41. Nc5 Rxf4 42. Re3 e5 43. a4 d4 44. Ne4+ Ke6 45. Re1 {[%emt 0:00:00] [#]} Kd5 $1 46. Ng5 (46. Nc5 Rf2+) 46... Rf2+ {[%emt 0:00:00] Black mates.} 47. Kd1 Bd3 48. Nh3 Ra2 {[%emt 0:00:00] Weighted Error Value: White=0.68/Black=0.16 (very precise)} 0-1

[Event "44th Chess Olympiad Women 2022"]
[Site "Chennai"]
[Date "2022.08.05"]
[Round "7.41"]
[White "Roy, Ali"]
[Black "Deng, Jing Xin Crystal"]
[Result "1/2-1/2"]
[ECO "A08"]
[WhiteElo "1893"]
[BlackElo "1914"]
[Annotator "TA"]
[PlyCount "62"]
[EventDate "2022.07.29"]
[EventType "team-tourn"]
[EventCountry "IND"]
[SourceTitle "playchess.com"]
[Source "ChessBase"]
[SourceQuality "1"]
[WhiteTeam "Scotland"]
[BlackTeam "Hong Kong"]
[WhiteTeamCountry "SCO"]
[BlackTeamCountry "HKG"]
[TimeControl "40/5400+30:1800+30"]

1. Nf3 d5 2. g3 c5 3. Bg2 Nf6 4. O-O Nc6 5. d3 e5 6. Nbd2 Be7 7. e4 O-O 8. exd5 Nxd5 9. Nc4 f6 10. a4 Be6 {[%emt 0:01:02] A08: King's Indian Attack.} 11. Bd2 {[%emt 0:09:20] [#]} Rb8 $146 ({Predecessor:} 11... Qd7 12. Ne3 Rad8 13. Nxd5 Bxd5 14. Bc3 c4 15. dxc4 Bxc4 16. Qxd7 Rxd7 {½-½ (41) Reis,A-Toth,P (2230) Itapiruba 1997}) 12. Re1 Qd7 {[%emt 0:02:27] Black is slightly better.} 13. Ne3 Rbd8 14. Qe2 Qc8 15. h4 Nd4 16. Nxd4 cxd4 17. Nc4 Bg4 18. f3 Bh3 19. f4 Bxg2 20. Qxg2 exf4 $1 21. gxf4 Qf5 22. Kh1 ({Better is} 22. Re4 $15) 22... Rd7 (22... Qh5 $17 23. Qh3 f5) 23. Re4 (23. Rg1 Bb4 24. Bxb4 Nxb4 $17) 23... Qh5 24. f5 Qxf5 25. Rf1 (25. Rxd4 $15 Qh5 26. Qh3 (26. Rg1 $2 Bc5 $19)) 25... Qh5 $1 $17 (25... Qg6 26. Rg4 Qh5 27. Ne5 $1 $18 (27. Rxg7+ Kh8 $16) (27. Rxd4 Ne3 $17)) 26. Rxd4 {[%emt 0:03:32] [#]} (26. Qe2 $17 Qxe2 27. Rxe2) 26... Bc5 (26... Ne3 $1 $19 27. Bxe3 (27. Nxe3 $2 Rxd4 28. Nf5 Rxh4+ 29. Nxh4 Qxh4+ 30. Qh2 Qxa4 $19) 27... Rxd4 28. Bxd4 Qxh4+ 29. Qh2 Qxd4) 27. Rg4 {[%emt 0:09:42] [#]} (27. Qg4 $11 Qxg4 28. Rxg4) 27... f5 $1 $36 {[%emt 0:02:30][%mdl 2048] Black is really pushing.} 28. Rg3 Qxh4+ 29. Rh3 Qf6 30. Bg5 (30. a5 $17) 30... Qe6 $19 31. Qh2 g6 {[%emt 0:02:03] Weighted Error Value: White=0.29 (precise) /Black=0.17 (very precise)} 1/2-1/2

[Event "44th Chess Olympiad Women 2022"]
[Site "Chennai"]
[Date "2022.08.05"]
[Round "7.42"]
[White "Mouradian, Knarik"]
[Black "Miller, Rachel"]
[Result "1/2-1/2"]
[ECO "C47"]
[WhiteElo "2121"]
[BlackElo "1961"]
[Annotator "TA"]
[PlyCount "124"]
[EventDate "2022.07.29"]
[EventType "team-tourn"]
[EventCountry "IND"]
[SourceTitle "playchess.com"]
[Source "ChessBase"]
[SourceQuality "1"]
[WhiteTeam "Lebanon"]
[BlackTeam "Jamaica"]
[WhiteTeamCountry "LBN"]
[BlackTeamCountry "JAM"]
[TimeControl "40/5400+30:1800+30"]

1. e4 e5 2. Nf3 Nc6 3. Nc3 Nf6 4. d4 exd4 5. Nxd4 Bb4 6. Nxc6 bxc6 7. Bd3 O-O 8. O-O d5 9. e5 Ng4 10. Bf4 Re8 {[%emt 0:03:59] C47: Scotch Four Knights and Four Knights with 4 g3.} 11. Re1 d4 (11... f6 $11 {remains equal.}) 12. a3 $1 $16 dxc3 {[%emt 0:02:46] White is better.} 13. axb4 cxb2 14. Rb1 {[%emt 0:00:53] [#]} Be6 $146 ({Predecessor:} 14... g6 15. h3 Qd4 16. Qf3 Nxe5 17. Qg3 f6 18. Qh4 Bd7 19. Re4 Qc3 20. Bxe5 fxe5 {0-1 (44) Von Estorff,J (2125)-Brockhoff,M (1985) Playchess.com INT 2020}) 15. Qf3 (15. h3 $142 Nxf2 16. Kxf2) 15... f6 16. h3 (16. Rxb2 {with more complications.} Nxe5 17. Bxe5 fxe5 18. Qxc6 Qd4 19. Rbb1) 16... fxe5 (16... Nxe5 $16 {is a better defense.} 17. Bxe5 fxe5) 17. hxg4 (17. Bg3 $18 Nf6 18. Bxe5 (18. Rxb2 e4 $14)) 17... exf4 $14 18. Qxc6 Bxg4 19. Rxe8+ Qxe8 20. Qc4+ (20. Qxc7 $14 f3 21. Qc4+ (21. gxf3 Bxf3 22. Qc5 Qd7 $15) 21... Qe6 22. gxf3 (22. Rxb2 Rc8 $14)) 20... Be6 (20... Qe6 $5 ) 21. Qe4 g6 {[%emt 0:01:02] [#]} 22. Rxb2 (22. Bb5 $1 $14 Qc8 23. Rxb2) 22... Bf7 $11 23. Qxf4 Qe1+ 24. Kh2 $1 Re8 25. Bc4 $36 {[%emt 0:02:05][%mdl 2048] White has good play.} Re7 {[%emt 0:10:14] aiming for ...Qc3.} 26. Rb3 {[%emt 0:00:27] Against Qc3} Bxc4 27. Qxc4+ Qe6 (27... Rf7 {seems wilder.} 28. Rd3 Qe5+ 29. g3 Kg7) 28. Qxe6+ Rxe6 {[%emt 0:00:03][%mdl 4096] Endgame KR-KR} 29. Rc3 c6 30. Kg3 Kf7 31. f4 ({Better is} 31. f3 $14) 31... h5 32. Ra3 Re7 33. Ra6 Re3+ 34. Kh4 Rc3 35. Kg5 Rg3+ 36. Kh6 $2 (36. Kh4 $1 $11 Rxg2 37. Rxa7+ Ke6 38. Ra6) 36... Rxg2 $19 {[%emt 0:00:10] Hoping for ...h4.} 37. Rxc6 $2 (37. f5 h4 38. fxg6+ Rxg6+ 39. Kh5) 37... h4 {[%emt 0:00:07] White must now prevent ...h3.} 38. Rc3 Rg4 (38... Rg3 $142 39. Rc7+ Kf6) 39. b5 {[%emt 0:00:23] [#]} Rxf4 $2 (39... Kf6 $1 $19 40. Rh3 Rxf4) 40. Kg5 $11 {[%emt 0:00:19] The position is equal.} Rf5+ 41. Kxh4 Rxb5 {[%emt 0:30:06] next ...a5 is good for Black.} 42. Rc7+ Kf6 {[%emt 0:00:06] With the idea ...a5.} 43. Rxa7 Rc5 44. Ra2 g5+ 45. Kg4 Rc4+ 46. Kg3 Kf5 47. Ra5+ Kg6 48. Ra2 Kh5 49. Rb2 Rc3+ 50. Kg2 Kh4 51. Rb4+ g4 52. Rb3 Rxc2+ 53. Kg1 Re2 54. Ra3 $1 Rb2 55. Rc3 Rd2 56. Ra3 g3 57. Ra8 Kh3 58. Rh8+ Kg4 59. Rg8+ Kh3 (59... Kf3 $5 60. Rf8+ Ke4 $11) 60. Rh8+ Kg4 61. Rg8+ Kh3 (61... Kf3 $5 62. Rf8+ Ke4 $11) 62. Rh8+ Kg4 {[%emt 0:00:00] Weighted Error Value: White=0.29 (precise) /Black=0.28 (precise)} 1/2-1/2

[Event "44th Chess Olympiad Women 2022"]
[Site "Chennai"]
[Date "2022.08.05"]
[Round "7.42"]
[White "Clarke, Adani"]
[Black "Grishina, Alexandra"]
[Result "1-0"]
[ECO "A85"]
[WhiteElo "1812"]
[BlackElo "2012"]
[Annotator "TA"]
[PlyCount "109"]
[EventDate "2022.07.29"]
[EventType "team-tourn"]
[EventCountry "IND"]
[SourceTitle "playchess.com"]
[Source "ChessBase"]
[SourceQuality "1"]
[WhiteTeam "Jamaica"]
[BlackTeam "Lebanon"]
[WhiteTeamCountry "JAM"]
[BlackTeamCountry "LBN"]
[TimeControl "40/5400+30:1800+30"]

1. d4 e6 2. c4 f5 3. Nc3 Bb4 4. Nf3 Nf6 5. Bd2 Bxc3 6. Bxc3 {[%emt 0:00:59] A85: Dutch Defence: 2 c4 Nf6 3 Nc3.} d6 7. g3 Ne4 {[%emt 0:05:29] [#]} 8. Qc2 $146 {[%emt 0:02:23] White has an edge.} ({Predecessor:} 8. Rc1 b6 9. b3 Nd7 10. Bb2 Bb7 11. Bg2 O-O 12. O-O Qe8 13. Nd2 Qg6 14. f3 Nxd2 15. Qxd2 {0-1 (37) Enzendorfer,A (2139)-Bachler,R (2209) Linz 2011}) 8... Nd7 9. Bg2 Ndf6 10. Nd2 Nxd2 11. Qxd2 O-O 12. Qd3 d5 13. O-O c6 14. b3 a5 15. f3 b6 16. Bb2 Ra7 17. Qc2 Ba6 18. Rfe1 Rc7 19. Rac1 Rff7 20. Qd2 Rfd7 (20... dxc4 $11 {keeps the balance.} 21. bxc4 c5) 21. c5 $16 Qb8 (21... Ra7 $16) 22. cxb6 $18 Qxb6 23. Bc3 Qa7 24. Bxa5 Rc8 25. Bb4 {[%emt 0:01:50] A strong pair of Bishops.} Rdd8 26. Bc5 Qf7 27. Rc2 Qh5 (27... h6 $142 28. Rec1 Qc7) 28. Rec1 {[%emt 0:01:39] aiming for Be7.} Rd7 29. Bb4 Bb7 30. Qe3 Kf7 31. Ba5 g5 32. Qd2 Rg8 33. Kf2 f4 (33... Qxh2 $2 34. Rh1 Qxh1 35. Bxh1 $18) 34. gxf4 $2 (34. Kg1 $18) 34... Qh4+ $11 35. Kg1 {[%emt 0:04:02] [#] Black must now prevent fxg5.} gxf4 36. e3 Nh5 $1 37. Qf2 Qg5 38. Bd2 $36 {[%emt 0:00:32][%mdl 2048] Black is under pressure.} Ke8 {[%emt 0:01:21] Threatens to win with ...Rdg7.} 39. exf4 $1 Nxf4 40. Bxf4 Qxf4 41. Kh1 Rdg7 42. Bh3 Rg6 (42... Rf8 $14 {might be stronger.}) 43. Bg4 $16 {[%emt 0:00:00] Bh5 is the strong threat.} Rf6 (43... Kd8 $16 {was called for.} 44. Re1 R8g7 45. Rxe6 Rxe6 46. Bxe6 h5) 44. Qh4 ({White should try} 44. Qe1 $18) 44... Kf8 45. Qxh7 {[%emt 0:00:00] White is more active.} (45. Re1 $16) 45... Rg7 (45... Rh6 $1 $11 {and Black is okay.} 46. Qxb7 Rxh2+ 47. Rxh2 Qxc1+ 48. Kg2 Qd2+ 49. Kh1 (49. Kg3 Rxg4+ 50. Kh3 Rh4+ 51. Kxh4 Qxd4+ 52. Kg3 Qe5+ 53. Kh3 Qh8+ 54. Kg4 Qd4+ 55. f4 Qg1+ 56. Kh3 Qe3+ 57. Kh4 Qxf4+ 58. Kh3 Qf3+ 59. Kh4 Qf4+ 60. Kh3 Qf3+ 61. Kh4 Qf4+ $11) 49... Qe1+ 50. Kg2 Qd2+ 51. Kh1 (51. Kg3 Rxg4+ 52. fxg4 Qe3+ 53. Kg2 Qe2+ 54. Kh3 Qe3+ 55. Kg2 Qe2+ 56. Kh3 Qe3+ 57. Kg2 $11) 51... Qe1+ 52. Kg2 Qd2+) 46. Qh8+ Rg8 47. Qh7 (47. Qh3 $16) 47... Rg7 $18 {[%emt 0:00:16] [#]} 48. Qd3 (48. Qh8+ Rg8 49. Qh5 Qxd4 $16) 48... e5 49. dxe5 Qxe5 (49... Rh6 50. Qd2 Qxd2 51. Rxd2 Rg5) 50. Re2 Qd6 51. Rce1 {[%emt 0:00:00] White mates.} ({Weaker is} 51. Qe3 Re7 52. Qf2 Rxe2 53. Qxe2 Rf7 $18) 51... Rh6 52. Re8+ Kf7 53. Qf5+ Rf6 54. Bh5+ Rgg6 55. Bxg6+ {[%emt 0:00:09] Weighted Error Value: White=0.20 (precise) /Black=0.37} 1-0

[Event "44th Chess Olympiad Women 2022"]
[Site "Chennai"]
[Date "2022.08.05"]
[Round "7.43"]
[White "Zhang, Jasmine Haomo"]
[Black "Park, Sunwoo"]
[Result "1-0"]
[ECO "D02"]
[WhiteElo "1972"]
[BlackElo "1773"]
[Annotator "TA"]
[PlyCount "107"]
[EventDate "2022.07.29"]
[EventType "team-tourn"]
[EventCountry "IND"]
[SourceTitle "playchess.com"]
[Source "ChessBase"]
[SourceQuality "1"]
[WhiteTeam "New Zealand"]
[BlackTeam "Korea"]
[WhiteTeamCountry "NZL"]
[BlackTeamCountry "KOR"]
[TimeControl "40/5400+30:1800+30"]

1. d4 d5 2. Bf4 Nf6 3. e3 c5 4. Nf3 Nc6 5. Nbd2 Bf5 6. dxc5 {[%emt 0:07:35] D02: 1 d4 d5 2 Nf3 sidelines, including 2...Nf6 3 g3 and 2...Nf6 3 Bf4.} e6 7. Bb5 Bxc5 8. Nb3 {[%emt 0:02:58] [#] The position is equal.} O-O $1 9. O-O {[%emt 0:04:07] [#]} (9. Bxc6 bxc6) 9... Qb6 $146 ({Predecessor:} 9... Bd6 10. Bxc6 bxc6 11. Nbd4 Bxf4 12. exf4 Qb6 13. Ne5 Rfc8 14. Nxf5 exf5 15. b3 a5 {½-½ (30) Bao,Q (2426)-Zhang,Z (2355) Shenzhen 2017}) 10. Bd3 Bg4 11. Be2 Rfe8 12. Nxc5 Qxc5 13. Ne5 Bf5 14. Bd3 Ne4 15. Nxc6 bxc6 16. Be5 f6 17. Bd4 Qe7 18. f3 Nc5 19. Bxf5 exf5 20. Re1 Rad8 21. b3 Ne6 22. Bb2 c5 23. Qd3 g6 24. Rad1 Nc7 25. Qc3 Kg7 26. Qa5 Rb8 (26... Rd7 $14) 27. Qxa7 (27. c4 $16) 27... Ra8 (27... Rb5 $11 {is more appropriate.} 28. c4 dxc4) 28. Qb6 $14 {[%emt 0:00:20][%cal Ob2f6] [#] Hoping for Bxf6+!} Rf8 29. a4 ({White should play} 29. e4 $14 fxe4 30. a4) 29... Ra6 $11 30. Qb7 {[%emt 0:00:14] Rxd5 is the strong threat.} Rfa8 31. e4 {[%emt 0:08:20] Strongly threatening e5.} R8a7 $1 32. Qb8 $36 {[%emt 0:00:12][%mdl 2048] Threatens to win with e5. White fights for an advantage.} Ra8 33. exd5 Qxe1+ {[%emt 0:01:14][%mdl 8192] White stays focused until the end.} (33... Rxb8 $2 34. Rxe7+ Kg8 35. Rxc7 $18) (33... Qf7 $11 34. Qb7 R8a7) 34. Rxe1 $18 {[%emt 0:00:04][%cal Bd1e1,Be1e7,Be7c7,Bc7c4,Bc4d4,Bd4d3][%mdl 32] Really sharp!} Rxb8 35. Re7+ Kg8 36. Rxc7 {[%emt 0:00:06][%mdl 4096] Endgame KRR-KRB} Re8 37. Kf2 {[%emt 0:02:28] Inhibits Re2+.} c4 38. Rxc4 Ra5 39. Rd4 Rd8 (39... Ra7 $142 40. Ba3 Rb8) 40. c4 Kf7 41. Ba3 Rb8 42. Rd3 Rd8 43. Bb4 Ra6 44. c5 Rb8 45. Ba3 f4 46. c6 Ke8 47. Bd6 Rc8 48. Bxf4 Kd8 49. Bd6 Ra5 50. Ke3 Rca8 51. Kd4 f5 52. Bc5 {[%emt 0:00:00] And now Bb6+ would win.} Kc7 {[%emt 0:00:00] Prevents Bb6+.} 53. Re3 Rd8 54. Re7+ {[%emt 0:00:00] Weighted Error Value: White=0.13 (very precise) /Black=0.53} 1-0

[Event "44th Chess Olympiad Women 2022"]
[Site "Chennai"]
[Date "2022.08.05"]
[Round "7.44"]
[White "Henderson de La Fuente, Andrea"]
[Black "Rosario Almanzar, Raydily"]
[Result "1-0"]
[ECO "B23"]
[WhiteElo "1962"]
[BlackElo "1882"]
[Annotator "TA"]
[PlyCount "69"]
[EventDate "2022.07.29"]
[EventType "team-tourn"]
[EventCountry "IND"]
[SourceTitle "playchess.com"]
[Source "ChessBase"]
[SourceQuality "1"]
[WhiteTeam "Andorra"]
[BlackTeam "Dominican Republic"]
[WhiteTeamCountry "AND"]
[BlackTeamCountry "DOM"]
[TimeControl "40/5400+30:1800+30"]

1. e4 c5 2. Nc3 e6 3. Nge2 a6 4. a4 Nc6 5. g3 Nf6 6. Bg2 {[%emt 0:00:14] B23: Closed Sicilian: Lines without g3.} d6 {[%emt 0:06:49] is the legacy move (6...Be7).} 7. d4 Be7 8. O-O {[%emt 0:01:41] [#] White is slightly better.} Rb8 $146 ({Predecessor:} 8... cxd4 9. Nxd4 Bd7 10. b3 Rc8 11. Nce2 O-O 12. c4 Qc7 13. Ra2 Nb4 14. Rd2 d5 15. exd5 exd5 16. cxd5 Nfxd5 17. Nf3 {½-½ (17) Larino Nieto,D (2426)-Ibarra Jerez,J (2496) Ceuta 2008}) 9. h3 Qc7 (9... cxd4 $11 10. Nxd4 O-O) 10. dxc5 dxc5 11. Bf4 e5 12. Bg5 Be6 13. Bxf6 Bxf6 14. Nd5 Bxd5 15. exd5 Rd8 16. Nc3 {[%emt 0:07:34] Ne4 is the strong threat.} O-O 17. Ne4 Be7 18. c3 $36 {[%emt 0:07:06][%mdl 2048] Inhibits Nb4. White is more active.} c4 (18... Na7 $11) 19. Qe2 $14 Na5 20. Rad1 f5 $2 ({Black should play} 20... Rfe8 $14) 21. d6 $1 $18 Bxd6 22. Nxd6 Rxd6 23. Qxe5 Rd7 24. Qe6+ Rdf7 25. Bd5 Kh8 {[%emt 0:00:05] [#] aiming for ...Re7.} 26. Rfe1 (26. Qxf7 $1 $18 Rxf7 27. Bxf7) 26... Rf6 $16 27. Qe7 Qb8 (27... Qxe7 $16 {was worth a try.} 28. Rxe7 Rd6) 28. Qc5 b6 29. Qe7 {[%emt 0:00:20] White is more active.} Nc6 30. Bxc6 Rxc6 31. Rd7 {[%emt 0:00:05][%csl Gd7][%cal Re7g7] Against Rc7} Rg6 (31... Rg8 32. Qe5 f4) 32. Kh2 $2 (32. Re6 {White threatens Rxg6 and mate.} Rxg3+ 33. Kf1) 32... f4 33. g4 {[%emt 0:01:05] Strongly threatening Re6.} f3+ 34. Kh1 {[%emt 0:00:07] And now Re6 would win.} Rh6 (34... Rg8 $16 35. Qe4 b5) 35. Qxg7# {[%emt 0:00:03] Weighted Error Value: White=0.33/Black=0.60} 1-0

[Event "44th Chess Olympiad Women 2022"]
[Site "Chennai"]
[Date "2022.08.05"]
[Round "7.45"]
[White "Ortez, Andrea"]
[Black "Chuemsakul, Sarocha"]
[Result "0-1"]
[ECO "C75"]
[WhiteElo "1908"]
[BlackElo "1684"]
[Annotator "TA"]
[PlyCount "64"]
[EventDate "2022.07.29"]
[EventType "team-tourn"]
[EventCountry "IND"]
[SourceTitle "playchess.com"]
[Source "ChessBase"]
[SourceQuality "1"]
[WhiteTeam "El Salvador"]
[BlackTeam "Thailand"]
[WhiteTeamCountry "ESA"]
[BlackTeamCountry "THA"]
[TimeControl "40/5400+30:1800+30"]

1. e4 e5 2. Nf3 Nc6 3. Bb5 a6 4. Ba4 d6 5. c3 Bd7 6. d4 Nf6 7. Qe2 {[%emt 0:04:38] C75: Ruy Lopez: Deferred Steinitz: 5 c3 Bd7 6 d4 without ...g6.} g6 {[%emt 0:04:13] [#]} 8. Bg5 $146 ({Predecessor:} 8. O-O Qe7 9. d5 Nb8 10. Bxd7+ Nbxd7 11. c4 h5 12. Nc3 Bh6 13. h4 Ng4 14. g3 f6 15. Bxh6 Nxh6 16. Qd2 Nf7 17. Kg2 Rg8 18. Rae1 O-O-O {½-½ (27) Sharma,D (2375)-Sorokin,M (2550) Kolkata 1999}) 8... h6 9. Bh4 {[%emt 0:01:19] The position is equal.} g5 10. Bg3 Bg7 11. h3 (11. dxe5 $11 Nxe5 12. Bxd7+ Nexd7 13. Nbd2) 11... O-O {[%emt 0:01:10] Strongly threatening ...exd4.} 12. d5 Ne7 13. Bc2 Nh7 14. Nfd2 (14. Nbd2 $11 {deserves consideration.}) 14... f5 $15 15. f3 Nf6 16. c4 (16. Bf2 $11) 16... Nh5 17. Bh2 Nf4 18. Bxf4 exf4 (18... gxf4 19. Nc3 $15) 19. Nc3 fxe4 20. Bxe4 Nf5 21. Bxf5 Bxf5 22. O-O Qf6 23. Kh2 Rae8 24. Qf2 Qg6 {[%emt 0:03:32] Black is more active.} 25. Rfe1 h5 26. Rxe8 Rxe8 ({Worse is} 26... Qxe8 27. Nde4 $15) 27. Re1 (27. Nde4 $142) 27... Rxe1 $17 28. Qxe1 g4 $40 {[%emt 0:03:00][%mdl 128] Black attacks with force.} 29. Ne2 (29. Nde4 $17 {was called for.}) 29... Be5 ({Weaker is} 29... Bxb2 30. Nxf4 Qf7 31. g3 $15) (29... Qe8 $19 {...Bd3 is the strong threat.} 30. b3 Bd3) 30. hxg4 $2 {[%emt 0:07:52][%mdl 8192] [#]} (30. b3 $17) 30... hxg4 $19 {[%emt 0:00:06] Black is clearly winning.} 31. Qh4 Bf6 {[%emt 0:00:36] Inhibits Qd8+.} 32. Nxf4 Bxh4 {[%emt 0:00:13] Weighted Error Value: White=0.52/Black=0.17 (very precise)} 0-1